 Dungeon Crawl Stone Soup version 0.29-a0-333-gb4c28e87c6 (webtiles) character file.

Game seed: 10082777219729671585

727 Jortsu the Chopper (level 7, 0/55 HPs)
             Began as a Demonspawn Fighter on Apr 13, 2022.
             Was a Believer of Okawaru.
             Slain by a centaur
             ... wielding a staff of death
              (1 damage)
             ... on level 5 of the Dungeon.
             The game lasted 00:05:11 (4259 turns).

Jortsu the Chopper (Demonspawn Fighter)             Turns: 4259, Time: 00:05:12

Health: 0/55       AC: 10    Str: 18    XL:     7   Next: 44%
Magic:  7/7        EV:  8    Int: 10    God:    Okawaru [**....]
Gold:   175        SH:  9    Dex: 12    Spells: 6/6 levels left

rFire   . . .      SeeInvis .   a - +1 war axe
rCold   + + .      Faith    .   c - +1 buckler
rNeg    . . .      Spirit   .   q - +1 chain mail "Lyanuoh" {rElec rPois rC++}
rPois   +          Reflect  .   (no helmet)
rElec   +          Harm     .   (no cloak)
rCorr   .          Rampage  .   (no gloves)
Will    .....                   (no boots)
Stlth   ..........              (no amulet)
HPRegen 0.18/turn               (no ring)
MPRegen 0.10/turn               (no ring)

@: no status effects
A: sturdy frame 1, condensation shield
a: Renounce Religion, Heroism


You were on level 5 of the Dungeon.
You worshipped Okawaru.
Okawaru was pleased with you.
You visited 1 branch of the dungeon, and saw 5 of its levels.

You collected 175 gold pieces.

Inventory:

Hand Weapons
 a - a +1 war axe (weapon)
Armour
 c - a +1 buckler (worn)
 q - the +1 chain mail "Lyanuoh" (worn) {rElec rPois rC++}
   (You found it on level 4 of the Dungeon)

   rC:        It greatly protects you from cold.
   rElec:     It insulates you from electricity.
   rPois:     It protects you from poison.
Jewellery
 t - a ring of willpower
Wands
 m - a wand of iceblast (19)
 r - a wand of acid (3)
Scrolls
 b - a scroll of noise
 p - a scroll of enchant armour
Potions
 d - a potion of might
 e - 4 potions of curing
 f - 2 potions of invisibility
 g - a potion of flight
 i - a potion of heal wounds
 j - 2 potions of ambrosia
 l - 2 potions of cancellation {unknown}
 n - a potion of brilliance {unknown}
 s - a potion of lignification {unknown}
 u - a potion of mutation {unknown}


   Skills:
 + Level 4.4 Fighting
 + Level 5.5 Axes
 + Level 4.1 Armour
 + Level 2.1 Dodging
 + Level 3.3 Shields


You had 6 spell levels left.
You didn't know any spells.
Your spell library contained the following spells:

 Spells                   Type           Power      Damage    Failure   Level
 Static Discharge         Conj/Air       0%         N/A       99%         2
 Ignite Poison            Fire/Tmut/Pois 0%         N/A       100%        3
 Mephitic Cloud           Conj/Pois/Air  0%         N/A       100%        3
 Freezing Cloud           Conj/Ice/Air   0%         6-21      100%        5
 Lightning Bolt           Conj/Air       0%         1d11      100%        5
 Maxwell's Capacitive Co  Air            0%         ∞         100%        8


Dungeon Overview and Level Annotations

Branches:
Dungeon (5/15)
 Temple: D:4-7

Altars:
Cheibriados
Okawaru


Innate Abilities, Weirdness & Mutations

Your movements are slightly less encumbered by armour. (ER -2)
A meltable shield of frost defends you. (SH +4)


Message History

a +0 giant club; a howler monkey corpse You start resting.
A centaur is nearby!
The centaur wields a +0 shortbow.
The centaur shoots an arrow.
The arrow hits you!
The centaur shoots an arrow.
The arrow hits you.
The centaur shoots an arrow.
You block the arrow.
The centaur shoots an arrow.
You block the arrow.
The centaur shoots an arrow.
The arrow hits you!
The centaur shoots an arrow.
The arrow hits you!
The centaur shoots an arrow.
The arrow hits you.
* * * LOW HITPOINT WARNING * * *
The centaur unwields a +0 shortbow.
The centaur wields a staff of death.
The centaur barely misses you. You block the centaur's attack.
You barely miss the centaur.
The centaur hits you with a staff of death.
* * * LOW HITPOINT WARNING * * *
You writhe in agony.
* * * LOW HITPOINT WARNING * * *
The centaur kicks you.
* * * LOW HITPOINT WARNING * * *
You block the centaur's attack.
The centaur kicks you but does no damage.
You hit the centaur.
The centaur is lightly wounded.
You block the centaur's attack. The centaur closely misses you.
The centaur hits you but does no damage.
You writhe in agony.
* * * LOW HITPOINT WARNING * * *
The centaur kicks you but does no damage.
You hit the centaur.
The centaur is moderately wounded.
You block the centaur's attack.
The centaur kicks you but does no damage.
You block the centaur's attack.
The centaur kicks you but does no damage.
You hit the centaur.
The centaur is heavily wounded.
The centaur hits you with a staff of death.
You die...

...# .### ## # # #########
## ##.......## .##
##........<## ..##
##...........##
...###.........c@..#######
.#..##...................#
..#..#...........###'###.#
..##)............# #.# #.#
..####...........###.###)#
..# #..<........'.._..')#
..#
#...........#######...#
..# #...........# ###
#....# ..# #.......##..
### #.....#


You could see a centaur.

Vanquished Creatures
  Sigmund (D:4)
  A sky beast (D:5)
  2 ogres
  A scorpion (D:4)
  A howler monkey (D:5)
  A hound (D:4)
  Jessica (D:2)
  Ijyb (D:5)
  5 adders
  2 worms
  A dart slug (D:4)
  7 orcs
  5 ball pythons
  4 bats
  5 endoplasms
  A giant cockroach (D:2)
  4 hobgoblins (D:2)
  4 jackals (D:2)
  6 kobolds
  2 quokkas
  4 frilled lizards
  7 goblins
  5 rats
71 creatures vanquished.

Notes
Turn   | Place    | Note
-------+----------+-------------------------------------------
     0 | D:1      | Jortsu the Demonspawn Fighter began the quest for the Orb.
     0 | D:1      | Reached XP level 1. HP: 18/18 MP: 1/1
    74 | D:1      | You fall into a shaft and drop 1 floor!
   171 | D:2      | Reached skill level 2 in Axes
   175 | D:2      | Gained mutation: Your movements are slightly less
                  | encumbered by armour. (ER -2) [demonic ancestry]
   175 | D:2      | Reached XP level 2. HP: 6/24 MP: 2/2
   413 | D:2      | Found an iron altar of Okawaru.
   443 | D:2      | Became a worshipper of Warmaster Okawaru
   474 | D:2      | Reached XP level 3. HP: 19/29 MP: 3/3
  1189 | D:2      | Noticed Jessica
  1194 | D:2      | Killed Jessica
  1195 | D:2      | Reached skill level 3 in Axes
  1195 | D:2      | Reached XP level 4. HP: 35/35 MP: 4/4
  2054 | D:3      | Identified the +0 barding "Moasseg" {+Inv}
  2503 | D:4      | Noticed Sigmund
  2511 | D:4      | Killed Sigmund
  2511 | D:4      | Reached * piety under Okawaru
  2512 | D:4      | Reached skill level 4 in Axes
  2512 | D:4      | Reached skill level 1 in Dodging
  2512 | D:4      | Reached XP level 5. HP: 16/42 MP: 5/5
  2747 | D:4      | Reached ** piety under Okawaru
  2748 | D:4      | Gained mutation: A meltable shield of frost defends you.
                  | (SH +4) [demonic ancestry]
  2748 | D:4      | Reached XP level 6. HP: 34/48 MP: 6/6
  2895 | D:4      | Identified the +1 chain mail "Lyanuoh" {rElec rPois rC++}
  3952 | D:5      | Entered Level 5 of the Dungeon
  3956 | D:5      | Noticed Ijyb
  3979 | D:5      | Killed Ijyb
  4124 | D:5      | Found a snail-covered altar of Cheibriados.
  4132 | D:5      | Noticed a sky beast
  4144 | D:5      | Reached skill level 5 in Axes
  4144 | D:5      | Reached XP level 7. HP: 46/54 MP: 7/7
  4257 | D:5      | HP: 1/55 [centaur/staff of death (4)]
  4259 | D:5      | Slain by a centaur

Illustrated notes

Levels and vault maps discovered:
D:1:      sevenhm_arrival_forest_fort_large_2, layout_rooms,
          chequers_hall_statues_wall_a
D:2:      layout_rooms, basic_altar, uniq_jessica
D:3:      layout_loops_ring, bh_walls_and_bars
D:4:      layout_basic, uniq_sigmund
D:5:      layout_cave_pods, lemuel_doored_altar, uniq_ijyb

Skill      XL: |  1  2  3  4  5  6  7 |
---------------+----------------------+-----
Axes           | 2 3 4 5 |  5.5
Armour         | 3 4 |  4.1
Shields        | 3 |  3.3
Dodging        | 1 2 |  2.1
Fighting       | 4 |  4.4

Action                   |  1- 3 |  4- 6 |  7- 9 || total
-------------------------+-------+-------+-------++-------
Melee: War axe           |   100 |   119 |    31 ||   250
  Use: Scroll            |     4 |    14 |       ||    18
       Potion            |       |     1 |       ||     1
Armor: Scale mail        |    64 |    36 |       ||   100
       Chain mail        |       |    13 |    12 ||    25
Dodge: Dodged            |    67 |    46 |     5 ||   118
Block: Buckler           |    31 |    30 |    17 ||    78

Table legend: (Time is in decaauts)
 A = Elapsed time spent in this place.
 B = Non-inter-level travel time spent in this place.
 C = Inter-level travel time spent in this place.
 D = Time resting spent in this place.
 E = Time spent auto-exploring this place.
 F = Levels seen in this place.
 G = Mean time per level.
                   A        B        C        D        E       F      G
               +--------+--------+--------+--------+--------+-----+--------+
         Total |   4349 |   4205 |    144 |    719 |   2716 |   5 |  869.8 |
       Dungeon |   4349 |   4205 |    144 |    719 |   2716 |   5 |  869.8 |
               +--------+--------+--------+--------+--------+-----+--------+

Top non-repeatable levels by time:
     D:4: 1475 daAuts
     D:2: 1101 daAuts
     D:3: 790 daAuts
     D:1: 661 daAuts
     D:5: 320 daAuts
